 Dungeon Crawl Stone Soup version 0.29-a0-330-g52719c12eb (webtiles) character file.

Game seed: 9287766705939062452

541 Aelig the Chiller (level 7, 24/44 (46) HPs)
             Began as a Vampire Earth Elementalist on May 11, 2022.
             Quit the game on level 4 of the Dungeon.
             The game lasted 00:15:31 (3488 turns).

Aelig the Chiller (Vampire Earth Elementalist)      Turns: 3488, Time: 00:15:31

HP:   24/44 (46)    AC:  8    Str:  7    XL:     7   Next: 5%
MP:   7/10          EV: 12    Int: 20    God:
Gold: 222           SH:  0    Dex: 14    Spells: 4/10 levels left

rFire   . . .      SeeInvis +   a - +2 dagger (drain)
rCold   . . .      Faith    .   (no shield)
rNeg    . . .      Spirit   .   v - +0 robe
rPois   .          Reflect  .   (no helmet)
rElec   .          Harm     .   (no cloak)
rCorr   .          Rampage  .   (no gloves)
Will    .....                   (no boots)
Stlth   ++........              (no amulet)
HPRegen 0.34/turn               (no ring)
MPRegen 0.12/turn               (no ring)

@: ice-armoured, healing quickly, lightly drained
A: alive, fangs 3, see invisible, vampiric 2
a: Exsanguinate


You were on level 4 of the Dungeon.
You visited 1 branch of the dungeon, and saw 4 of its levels.

You collected 222 gold pieces.

Inventory:

Hand Weapons
 a - a +2 dagger of draining (weapon)
 b - a +0 rapier of speed
 h - a +0 short sword
 t - a +0 dagger of venom
Missiles
 p - 21 stones
Armour
 v - a +0 robe (worn)
Jewellery
 o - a +6 ring of strength
 w - a ring of fire
Wands
 i - a wand of iceblast (3)
Scrolls
 d - a scroll of silence {unknown}
 g - 3 scrolls of vulnerability
 j - a scroll of noise {unknown}
 r - a scroll of brand weapon {unknown}
 s - a scroll of teleportation {unknown}
 u - a scroll of identify
Potions
 c - 2 potions of magic
 e - a potion of lignification
 f - a potion of cancellation {unknown}
 k - a potion of brilliance {unknown}
 l - a potion of mutation {unknown}
 m - a potion of berserk rage {unknown}
 n - 2 potions of curing {unknown}
 q - a potion of ambrosia {unknown}


   Skills:
 - Level 2.1 Dodging
 - Level 3.0 Stealth
 - Level 2.0 Spellcasting
 - Level 3.0 Transmutations
 + Level 5.5 Ice Magic
 - Level 5.0 Earth Magic


You had 4 spell levels left.
You knew the following spells:

 Your Spells              Type           Power      Damage    Failure   Level
a - Sandblast             Erth           44%        2d11      1%          1
b - Passwall              Tmut/Erth      15%        N/A       4%          2
c - Ozocubu's Armour      Ice            24%        N/A       4%          3

Your spell library contained the following spells:

 Spells                   Type           Power      Damage    Failure   Level
 Stone Arrow              Conj/Erth      24%        3d8       17%         3
 Static Discharge         Conj/Air       2%         N/A       24%         2
 Petrify                  Tmut/Erth      18%        N/A       30%         4
 Dispel Undead            Necr           2%         3d7       83%         4
 Sticky Flame             Conj/Fire      2%         2d3       83%         4
 Metabolic Englaciation   Hex/Ice        6%         N/A       80%         5
 Simulacrum               Ice/Necr       6%         N/A       100%        6


Dungeon Overview and Level Annotations

Branches:
Dungeon (4/15)
 Temple: D:4-7

Altars:
Ashenzari
Dithmenos
Fedhas
Makhleb
Trog
Xom
Yredelemnul
Zin

Shops:
D:1 [

Annotations:
D:4 Blork the orc, Robin


Innate Abilities, Weirdness & Mutations

Your natural rate of healing is accelerated.
You have razor-sharp teeth.
You have supernaturally acute eyesight. (SInv)
You are afflicted with vampirism and can become a bat while bloodless.


Message History

You kill the orc!
The hobgoblin no longer looks unusually strong.
Robin throws the goblin at you!
You barely miss the goblin. The hobgoblin barely misses you.
The goblin completely misses you.
You hit the goblin.
You kill the goblin!
The hobgoblin barely misses you.
You hit the hobgoblin but do no damage. You drain the hobgoblin.
You bite the hobgoblin, but do no damage.
The hobgoblin is severely wounded.
The hobgoblin barely misses you. Robin throws the goblin at you!
The goblin hits you but does no damage.
You closely miss the hobgoblin.
The hobgoblin is severely wounded.
The hobgoblin hits you but does no damage.
The goblin hits you with a +0 dagger.
Robin roars a battlecry!
The goblins go into a battle-frenzy!
You hit the goblin.
You kill the goblin!
The hobgoblin misses you.
You closely miss the hobgoblin.
The hobgoblin is severely wounded.
The hobgoblin hits you but does no damage.
You closely miss the hobgoblin.
The hobgoblin is severely wounded.
The hobgoblin hits you.
A wyvern comes into view.
Casting: Ozocubu's Armour (dangerous; 4% risk of failure)
Confirm with . or Enter, or press ? or * to list all spells.
Your icy armour thickens.
The hobgoblin hits you but does no damage.
Unknown command.
Casting: Ozocubu's Armour (dangerous; 4% risk of failure)
Confirm with . or Enter, or press ? or * to list all spells.
Okay, then.
Unknown command.
Okay, then.
Are you sure you want to abandon this character and quit the game? (Confirm with "yes".)

... ... ## ... #.
# ... #. [. ...
### #. .. ... #.
.. #l .# ... #..#.
g#g# ...
#....###gJg###.
... #. #..@# ...#
... #.###.#)# .#.#
...
#..##...###...##.
...
#......†.........
. ...
##.............##.
#...........#....
#.............#
##...........##
#...........#


You could see a wyvern, Robin, an endoplasm and 3 hobgoblins.

Vanquished Creatures
  Duvessa (D:4)
  A necrophage (D:4)
  Dowan (D:4)
  A jelly (D:4)
  Natasha (D:4)
  2 orc wizards (D:4)
  11 adders
  2 worms
  5 dart slugs
  4 orcs (D:4)
  11 endoplasms
  6 giant cockroaches
  11 goblins
  6 hobgoblins
  3 jackals (D:2)
  8 kobolds
  8 quokkas
  6 ball pythons
  6 bats
  7 frilled lizards
  9 rats
110 creatures vanquished.

Notes
Turn   | Place    | Note
-------+----------+-------------------------------------------
     0 | D:1      | Aelig the Vampire Earth Elementalist began the quest for
                  | the Orb.
     0 | D:1      | Reached XP level 1. HP: 13/13 MP: 3/3
   213 | D:1      | Reached XP level 2. HP: 19/19 MP: 3/5
   218 | D:1      | Learned a level 2 spell: Passwall
   310 | D:1      | Found Avishegga's Antique Armour Boutique.
   656 | D:1      | Gained mutation: You are afflicted with vampirism and can
                  | become a bat while bloodless. [Vampire growth]
   656 | D:1      | Reached XP level 3. HP: 17/24 MP: 6/6
  1100 | D:2      | Learned a level 3 spell: Ozocubu's Armour
  1146 | D:2      | Noticed an ogre
  1397 | D:2      | Reached XP level 4. HP: 26/30 MP: 7/7
  1631 | D:2      | Reached skill level 1 in Ice Magic
  2227 | D:3      | Reached XP level 5. HP: 15/34 MP: 8/8
  2669 | D:4      | Noticed Blork the orc
  2745 | D:4      | Reached skill level 5 in Earth Magic
  2780 | D:4      | Noticed Natasha
  2794 | D:4      | Killed Natasha
  2916 | D:4      | Found a shadowy altar of Dithmenos.
  2916 | D:4      | Found a bloodstained altar of Trog.
  2916 | D:4      | Found a broken altar of Ashenzari.
  2916 | D:4      | Found a basalt altar of Yredelemnul.
  2916 | D:4      | Found a blossoming altar of Fedhas.
  2917 | D:4      | Found a shimmering altar of Xom.
  2919 | D:4      | Found a burning altar of Makhleb.
  2966 | D:4      | Noticed Duvessa
  2978 | D:4      | Noticed Dowan
  3023 | D:4      | Killed Duvessa
  3024 | D:4      | Reached XP level 6. HP: 11/41 MP: 2/9
  3034 | D:4      | HP: 3/61 [Dowan/shard of ice (13)]
  3036 | D:4      | Killed Dowan
  3450 | D:4      | Reached skill level 5 in Ice Magic
  3456 | D:4      | Noticed Robin
  3472 | D:4      | Reached XP level 7. HP: 26/44 MP: 8/10
  3486 | D:4      | Noticed a wyvern
  3488 | D:4      | Quit the game

Illustrated notes

Levels and vault maps discovered:
D:1:      ncdulo_halloftheorcs, layout_loops_ring, serial_shops,
          nicolae_shop_stone, minmay_misc_feat_cross, minmay_octomino_e4
D:2:      layout_rooms, minmay_bisected
D:3:      layout_rooms, kennysheep_boxes
D:4:      layout_cave_pods, minitemple, minmay_starry_boxes, uniq_robin,
          uniq_natasha, uniq_duvessa, uniq_blork_the_orc

Skill      XL: |  1  2  3  4  5  6 |
---------------+-------------------+-----
Earth Magic    | 4 5 |  5.0
Transmutations | 2 3 |  3.0
Ice Magic      | 1 4 5 |  5.5
Dodging        | |  2.1
Stealth        | |  3.0
Spellcasting   | |  2.0

Action                   |  1- 3 |  4- 6 |  7- 9 || total
-------------------------+-------+-------+-------++-------
Melee: Unarmed           |    15 |       |       ||    15
       Bite              |    10 |    17 |     2 ||    29
       Short sword       |   119 |    39 |       ||   158
       Punch             |     1 |     2 |       ||     3
       Dagger            |       |   128 |    14 ||   142
       Rapier            |       |    20 |       ||    20
 Cast: Sandblast         |    22 |    27 |       ||    49
       Passwall          |     1 |       |       ||     1
       Ozocubu's Armour  |       |     1 |     1 ||     2
  Use: Scroll            |       |     3 |       ||     3
       Potion            |       |     3 |       ||     3
 Stab: Sleeping          |    10 |     5 |       ||    15
Armor: Robe              |    31 |    34 |     9 ||    74
       Skin              |       |    14 |       ||    14
Dodge: Dodged            |   117 |    97 |     8 ||   222

Table legend: (Time is in decaauts)
 A = Elapsed time spent in this place.
 B = Non-inter-level travel time spent in this place.
 C = Inter-level travel time spent in this place.
 D = Time resting spent in this place.
 E = Time spent auto-exploring this place.
 F = Levels seen in this place.
 G = Mean time per level.
                   A        B        C        D        E       F      G
               +--------+--------+--------+--------+--------+-----+--------+
         Total |   3498 |   3435 |     63 |    769 |   1000 |   4 |  874.5 |
       Dungeon |   3498 |   3435 |     63 |    769 |   1000 |   4 |  874.5 |
               +--------+--------+--------+--------+--------+-----+--------+

Top non-repeatable levels by time:
     D:1: 978 daAuts
     D:4: 851 daAuts
     D:3: 834 daAuts
     D:2: 833 daAuts
